Map: Oxide LE

Players

震天火

  • Race: Zerg Zerg
  • League: Diamond
  • Spawn Location: 7:00

FLORENCIO - Winner!

  • Race: Terran Terran
  • League: Platinum
  • Spawn Location: 1:00

VOD

Have the link to the VOD?

Description

Time

  • Played on: March 7, 2021, 1:20 a.m.
  • Length: 21:25
Show
View Real Time Build Order
Export as new Build Order

震天火 Zerg 

Build Orders: Hatch First, Muta Ling Bane 

Get SALT Encoding   

  12  0:03  Drone  
  13  0:11  Drone  
  14  0:20  Overlord  
  14  0:39  Drone x3  
  17  0:58  Hatchery  
  17  1:01  Drone x2  
  18  1:12  Drone  
  18  1:16  Spawning Pool  
  18  1:19  Extractor  
  17  1:27  Drone  
  18  1:35  Overlord  
  18  1:43  Drone  
  19  1:49  Extractor  
  18  1:55  Drone  
  19  2:04  Queen  
  21  2:09  Queen  
  23  2:20  Drone x2  
  25  2:26  Drone  
  26  2:38  Drone  
  26  2:44  Lair  
  27  2:45  Queen  
  29  3:00  Drone x2  
  29  3:03  Overlord  
  29  3:04  Hatchery  
  30  3:12  Drone x2  
  32  3:14  Drone  
  33  3:22  Baneling Nest  
  33  3:23  Drone  
  33  3:29  Metabolic Boost  
  33  3:33  Drone  
  34  3:38  Drone x2  
  36  3:42  Overlord  
  36  3:58  Drone x3  
  36  3:59  Drone x2  
  36  4:00  Drone  
  36  4:01  Overlord  
  42  4:12  Drone x2  
  44  4:31  Drone x6  
  47  4:32  Drone x2  
  47  4:33  Zergling x2  
  53  4:44  Extractor x2  
  53  4:45  Zergling x4  
  54  4:47  Spore Crawler  
  51  5:05  Zergling x8  
  51  5:06  Zergling x8  
  58  5:24  Zergling x8  
  62  5:28  Baneling  
  62  5:29  Baneling x5  
  62  5:32  Overlord x5  
  62  5:39  Spire  
  62  5:40  Drone x2  
  63  5:52  Spine Crawler  
  62  5:58  Evolution Chamber  
  62  5:59  Evolution Chamber  
  60  6:05  Drone x4  
  60  6:06  Drone x7  
  60  6:11  Spine Crawler  
  70  6:26  Zergling x6  
  73  7:09  Drone, Extractor x2  
  73  7:10  Drone x10  
  73  7:12  Overlord  
  73  7:13  Overlord x2  
  82  7:18  Centrifical Hooks  
  82  7:21  Zerg Flyer Weapons Level 1  
  82  7:26  Infestation Pit  
  81  7:32  Zerg Melee Weapons Level 1  
  81  7:33  Zerg Ground Armor Level 1  
  81  7:35  Zergling x8  
  81  7:36  Zergling x4  
  87  7:52  Overseer  
  87  7:56  Spore Crawler  
  86  7:58  Mutalisk x2  
  86  7:59  Mutalisk x4  
  86  8:00  Overlord  
  98  8:20  Mutalisk  
  98  8:21  Mutalisk x3  
  98  8:22  Overlord x3  
  98  8:23  Overlord x4  
  98  8:24  Hatchery  
  105  8:28  Baneling x5  
  105  8:29  Baneling  
  104  8:59  Mutalisk  
  104  9:00  Mutalisk x12  
  93  9:56  Mutalisk  
  93  9:57  Mutalisk x8  
  93  9:58  Zergling x2  
  93  9:59  Zergling x4  
  114  10:08  Hive  
  114  10:15  Drone  
  114  10:16  Drone  
  114  10:21  Queen  
  116  10:23  Drone x6  
  116  10:24  Drone x3  
  92  11:36  Mutalisk  
  92  11:37  Mutalisk x14  
  104  11:50  Extractor x2  
  104  11:53  Drone x2  
  104  11:54  Drone x3  
  106  11:56  Drone  
  106  11:59  Hatchery  
  107  12:18  Mutalisk  
  107  12:19  Mutalisk x6, Hatchery  
  90  12:54  Mutalisk  
  90  12:55  Mutalisk x7  
  90  12:57  Zergling x8  
  100  13:16  Mutalisk  
  100  13:17  Mutalisk x3  
  99  13:35  Mutalisk x4  
  99  13:39  Queen  
  108  13:47  Hatchery  
  103  14:01  Mutalisk  
  103  14:02  Mutalisk  
  105  14:03  Zergling x14  
  105  14:04  Overlord, Zergling x4  
  74  15:27  Zergling x10  
  74  15:28  Zergling x42  
  100  15:40  Hatchery  
  100  15:41  Ultralisk Cavern  
  100  15:42  Zerg Melee Weapons Level 2  
  98  15:43  Zerg Ground Armor Level 2  
  84  15:58  Spine Crawler  
  84  16:00  Spore Crawler  
  75  16:10  Mutalisk x3  
  75  16:11  Mutalisk x16  
  101  16:42  Queen  
  101  16:43  Mutalisk  
  101  16:44  Mutalisk x11  
  126  16:52  Extractor  
  121  17:12  Overlord x5  
  113  17:26  Overseer  
  103  17:51  Mutalisk  
  103  17:53  Ultralisk x2  
  103  17:54  Ultralisk  
  103  17:58  Zerg Missile Weapons Level 1  
  129  18:00  Overseer  
  105  19:06  Mutalisk x9  
  105  19:07  Mutalisk x2  
  103  19:10  Zergling x18  
  100  19:24  Zergling x2  
  100  19:25  Zergling x12  
  95  20:01  Mutalisk x3  
  95  20:02  Mutalisk  
  101  20:38  Drone  
  101  20:39  Drone x9  
  111  20:44  Drone  
Show
View Real Time Build Order
Export as new Build Order

FLORENCIO Terran - Winner!

Build Orders: 2 Factory 

Get SALT Encoding   

  12  0:01  SCV  
  13  0:13  SCV  
  14  0:25  SCV, Supply Depot  
  15  0:36  Refinery  
  15  0:46  SCV  
  16  0:55  Barracks  
  16  0:58  SCV  
  17  1:10  SCV  
  18  1:23  SCV  
  19  1:30  Command Center  
  19  1:36  SCV  
  20  1:42  Supply Depot  
  20  1:44  Reaper  
  21  1:52  Bunker  
  21  2:03  Orbital Command  
  21  2:16  Factory  
  21  2:19  Marine  
  22  2:31  Refinery, SCV  
  23  2:43  Factory  
  23  2:47  SCV  
  24  2:51  Orbital Command  
  24  2:55  Marine  
  25  2:59  SCV  
  26  3:11  SCV  
  29  3:12  Hellion  
  29  3:18  SCV  
  30  3:24  SCV  
  31  3:30  SCV, Hellion  
  34  3:35  Starport  
  34  3:36  SCV, Marine  
  36  3:41  Hellion  
  36  3:42  SCV  
  36  3:48  SCV  
  40  3:52  Refinery  
  40  3:54  Refinery, Bunker, SCV  
  41  3:56  Marine  
  41  4:00  SCV  
  41  4:01  Hellion  
  45  4:07  SCV  
  46  4:32  Starport  
  46  4:36  Supply Depot  
  46  4:37  Supply Depot  
  46  4:41  Command Center  
  46  4:58  Viking, Marine, SCV x2  
  51  5:16  Factory Reactor x2  
  51  5:18  SCV x2  
  53  5:24  Marine  
  54  5:29  Supply Depot  
  54  5:30  SCV x2  
  54  5:31  Supply Depot  
  54  5:32  Starport Tech Lab x2  
  56  5:42  SCV, Marine  
  57  5:46  SCV  
  59  5:54  Widow Mine x4  
  67  6:00  Marine  
  68  6:05  Engineering Bay  
  68  6:09  Supply Depot  
  68  6:15  Widow Mine x4  
  68  6:18  SCV x2  
  78  6:30  SCV  
  79  6:36  Widow Mine  
  79  6:37  Widow Mine x3  
  87  6:47  Missile Turret  
  87  6:48  Planetary Fortress  
  87  6:50  Missile Turret  
  87  6:57  Raven x2, Missile Turret  
  87  6:58  Missile Turret x2  
  91  7:05  Command Center  
  91  7:20  SCV x2  
  93  7:25  Refinery  
  93  7:26  Refinery  
  93  7:27  Ghost Academy  
  93  7:29  Ghost Academy, Widow Mine  
  95  7:31  Widow Mine  
  95  7:32  SCV  
  95  7:33  SCV  
  99  7:44  SCV  
  99  7:45  SCV  
  101  8:04  Supply Depot  
  101  8:15  Command Center  
  101  8:16  SCV x2, Raven, Supply Depot  
  101  8:17  Widow Mine x4  
  113  8:20  Starport, Supply Depot  
  113  8:24  Starport  
  113  8:28  SCV  
  114  8:38  Widow Mine x4  
  114  8:39  Missile Turret  
  112  9:08  Starport Tech Lab  
  112  9:09  Starport Tech Lab  
  100  9:23  SCV x3  
  103  9:31  Missile Turret  
  103  9:35  SCV x3, Widow Mine x4  
  114  9:44  Command Center  
  114  9:47  SCV, Raven x3  
  114  9:48  SCV x2, Raven  
  125  9:56  Widow Mine x2  
  125  9:57  Widow Mine  
  125  9:59  SCV  
  132  10:00  SCV x2  
  134  10:16  Planetary Fortress  
  134  10:30  Raven x3  
  134  10:32  Planetary Fortress  
  140  10:43  Raven  
  142  10:52  Hellion x4  
  150  11:01  Planetary Fortress  
  149  11:16  Widow Mine  
  149  11:17  Widow Mine x3  
  137  11:37  Raven  
  137  11:38  Widow Mine x4  
  147  11:59  Widow Mine x4  
  147  12:00  Missile Turret  
  147  12:01  SCV x3  
  156  12:02  SCV  
  159  12:13  SCV x3  
  159  12:14  SCV  
  163  12:18  Missile Turret  
  163  12:19  Missile Turret x2  
  163  12:21  Enhanced Shockwaves, Widow Mine, Personal Cloaking  
  163  12:22  Missile Turret  
  165  12:23  Missile Turret  
  165  12:24  Missile Turret x2  
  165  12:25  SCV x3  
  165  12:26  SCV  
  164  12:37  SCV  
  164  12:38  SCV x3  
  166  12:49  SCV  
  166  12:50  SCV x2  
  166  12:51  SCV  
  168  13:00  Raven  
  170  13:06  Raven  
  170  13:08  Raven  
  170  13:11  Missile Turret, Barracks x2  
  170  13:12  Raven  
  169  13:23  Missile Turret  
  169  13:24  Missile Turret  
  169  13:33  Widow Mine  
  169  13:34  Widow Mine  
  170  13:43  Widow Mine  
  170  13:47  Armory  
  170  13:50  Raven  
  170  13:52  Widow Mine  
  170  13:53  Raven  
  170  13:55  Widow Mine  
  170  14:03  Refinery  
  170  14:06  Refinery  
  170  14:25  Widow Mine  
  170  14:27  Widow Mine  
  170  14:28  Widow Mine  
  170  14:30  Widow Mine  
  169  14:53  Widow Mine x2  
  169  15:02  Widow Mine  
  169  15:03  Widow Mine  
  169  15:04  Raven  
  169  15:09  Raven  
  169  15:12  Barracks Tech Lab  
  169  15:13  Barracks Tech Lab  
  169  15:16  Nuke  
  169  15:17  Nuke  
  169  15:24  Barracks Tech Lab  
  169  15:26  SCV  
  170  15:39  Supply Depot  
  170  15:40  Supply Depot  
  170  15:41  Supply Depot  
  170  15:50  SCV  
  170  16:01  Hellion x2, Raven x3  
  170  16:02  SCV, Hellion x2  
  185  16:04  Raven  
  187  16:15  Command Center  
  187  16:16  Command Center  
  187  16:19  Command Center  
  187  16:22  Hellion x2  
  187  16:23  Widow Mine  
  189  16:42  Hellion  
  189  16:44  Hellion x2, Raven x2  
  189  16:45  Hellion  
  191  16:48  Ghost  
  193  16:56  Ghost x2  
  197  17:03  Hellion  
  185  18:05  Nuke x2  
  185  18:11  Widow Mine  
  185  18:12  Widow Mine x3  
  193  18:15  Missile Turret  
  193  18:16  Missile Turret  
  193  18:33  Widow Mine x3  
  188  18:54  Widow Mine x2  
  172  19:16  Widow Mine x2  
  159  19:39  Nuke  
  159  19:44  Planetary Fortress  
  155  20:14  Widow Mine  
  155  20:15  Widow Mine x2, Raven x4  
  167  20:28  Nuke  
  167  20:34  SCV  
  168  20:41  Missile Turret  
  168  20:42  Refinery  
  168  20:43  Missile Turret x2  
  168  20:45  Refinery, Missile Turret  
  168  20:46  SCV  
  166  20:58  SCV  
  173  21:10  SCV  
Tags
 
Add a new tag
Caveats
  • Supply blocks, unpowered buildings, or Contaminate may cause inaccurate times.
  • Supply counts are checked every 10 seconds.